[Event "Late-Titled-Tuesday-Blitz-January-30-2024"]
[Site "Chess.com"]
[Date "2024.01.30"]
[Round "5"]
[White "Adar_07"]
[Black "ArturoCaceres"]
[Result "1-0"]
[WhiteElo "2673"]
[BlackElo "2453"]
[TimeControl "180+1"]
[EndTime "14:58:47 PST"]
[Termination "Adar_07 won by resignation"]

1. e4 e6 2. d4 d5 3. exd5 exd5 4. Nc3 c6 5. Bd3 Bd6 6. Nge2 Ne7 7. Bf4 Bf5 8. Bxf5 Nxf5 9. Qd3 Qd7 10. O-O-O Na6 11.
g4 Ne7 12. Bxd6 Qxd6 13. f4 O-O-O 14. Rde1 h5 15. h3 Ng6 16. Qf5+ Qd7 17. Qxd7+ Kxd7 18.
f5 Ne7 19. Nf4 Rde8 20. f6 gxf6 21. Nxh5 Rh6 22. Ng7 Reh8 23. Rxe7+ Kxe7 24. Nf5+ Kd7 25. Nxh6 Rxh6 26. h4 Nc7 27. Ne2 Ne6 28. h5 Rh8 29. Rf1 Ke7 30. c3 Rg8 31. Rg1 Kf8 32. Kd2 Ng5 33.
Ke3 Ne4 34. Kf4 Nf2 35. Kf3 Ne4 36. Ng3 Ng5+ 37. Kg2 Ne6 38. Kf3 Ng5+ 39. Ke3 Nh3 40. Rh1 Ng5 41. Nf5 Ne4 42. Rh4 Rh8 43. Kf4 Kg8 44.
Rh2 Kh7 45. Ng3 Rg8 46. Nxe4 dxe4 47. Re2 Rc8 48. Rxe4 Rc7 49. Kf5 Kg7 50. Re8 c5 51. d5 c4 52. d6 Rd7 53. Re7 Rxd6 54. Rxb7 Rd5+ 55. Ke4 Ra5 56. a3 a6 57. Rb4 Rg5 58. Kf4 Rc5 59. Rb6 a5 60. a4 Rd5 61. Rb5 Rd2 62.
Rxa5 Rxb2 63. Rc5 Rf2+ 64. Kg3 Ra2 65. Rxc4 Ra3 66. Kf4 Ra1 67. Rb4 Rf1+ 68. Ke3 Rg1 69. a5 Ra1 70. Rb5 Kh6 71. Rf5 Kg7 72. Kd3 Ra4 73.
c4 Kf8 74. Kc3 Ra3+ 75. Kb4 Rg3 76. Rxf6 Rxg4 77. a6 Ke7 78. a7 Rg8 79. Ra6 Ra8 80. h6 Kf8 81. Kb5 Kg8 82. Kb6 f5 83. Kb7 1-0

[Event "Late-Titled-Tuesday-Blitz-January-30-2024"]
[Site "Chess.com"]
[Date "2024.01.30"]
[Round "5"]
[White "Bryanl106"]
[Black "Akhayan"]
[Result "0-1"]
[WhiteElo "2536"]
[BlackElo "2359"]
[TimeControl "180+1"]
[EndTime "14:59:19 PST"]
[Termination "Akhayan won by checkmate"]

1. e4 c5 2. Nf3 e6 3. d4 cxd4 4. Nxd4 Nf6 5. Nc3 d6 6. g4 d5 7. exd5 Nxd5 8. Bb5+ Bd7 9. Nxd5 exd5 10. O-O Be7 11.
Bxd7+ Qxd7 12. Nf5 O-O 13. Qxd5 Bf6 14. Qxd7 Nxd7 15.
g5 Be5 16. Rd1 Nb6 17. c3 Rfe8 18. Be3 Nc4 19. Rab1 g6 20. Bd4 gxf5 21. Bxe5 Nxe5 22. Kg2 Rad8 23. Rxd8 Rxd8 24. Re1 Nc6 25. b4 a6 26. a4 Kf8 27. b5 axb5 28. axb5 Ne7 29. Ra1 Rc8 30. Ra7 b6 31. Rd7 Rxc3 32. Rd8+ Kg7 33.
Rd6 Nc8 34. Rd8 Rc5 35. h4 h5 36. gxh6+ Kxh6 37. Kg3 Ne7 38. Rd7 Ng6 39. Rxf7 Rxb5 40. f3 Rc5 41. Rb7 b5 42. Rb8 f4+ 43. Kg4 Rh5 44.
Rb6 Rxh4+ 45. Kf5 Rh5+ 46. Kf6 Rh1 47. Rxb5 Rg1 48. Rb2 Kh7 49. Rh2+ Kg8 50. Rh6 Nf8 51. Kf5 Kf7 52. Kxf4 Rg6 53. Rh1 Ne6+ 54. Ke5 Rg5+ 55. Ke4 Nc5+ 56. Ke3 Re5+ 57. Kf4 Rd5 58. Ra1 Ne6+ 59.
Kg3 Rd3 60. Kg4 Kf6 61. Rh1 Rd4+ 62. Kg3 Ke5 63. Rh6 Kd6 64. Rh5 Rc4 65. Ra5 Rc5 66. Ra8 Ke5 67. Ra4 Rc3 68. Ra5+ Kf6 69. Kg4 Nd4 70. f4 Rc1 71. Ra6+ Kf7 72. Kg5 Rg1+ 73. Kh5 Nf5 74. Ra7+ Ke6 75. Ra6+ Kd5 76. Ra5+ Ke4 77. Ra4+ Kf3 78. Ra3+ Kxf4 79. Ra4+ Ke5 80. Ra5+ Kf6 81. Ra6+ Ke5 82. Ra5+ Ke4 83. Ra4+ Nd4 84. Kh6 Ke5 85. Kh7 Ne6 86. Ra2 Kf5 87. Rf2+ Nf4 88. Ra2 Kf6 89.
Rf2 Rg4 90. Rf1 Kf7 91. Kh6 Kf6 92. Kh7 Kf5 93. Ra1 Ne6 94. Rf1+ Kg5 95. Kg8 Kg6 96. Ra1 Rc4 97. Rg1+ Ng5 98. Kf8 Kf6 99. Rf1+ Ke6 100. Re1+ Kd6 101. Kg7 Ne6+ 102. Kf6 Rf4+ 103. Kg6 Rf2 104. Rd1+ Ke7 105. Kh5 Rg2 106. Kh4 Kf6 107. Rf1+ Ke5 108. Re1+ Kf5 109. Rf1+ Nf4 110. Rf3 Rg4# 0-1

[Event "Late-Titled-Tuesday-Blitz-January-30-2024"]
[Site "Chess.com"]
[Date "2024.01.30"]
[Round "5"]
[White "Hui_Li_Macau"]
[Black "Siemba"]
[Result "1/2-1/2"]
[WhiteElo "2344"]
[BlackElo "2538"]
[TimeControl "180+1"]
[EndTime "14:59:47 PST"]
[Termination "Game drawn by stalemate"]

1. e4 e5 2. Nf3 Nc6 3. Bb5 a6 4. Ba4 d6 5. c3 f5 6. exf5 Bxf5 7.
O-O Bd3 8. Re1 e4 9. Nd4 b5 10. Nxc6 Qd7 11. Bc2 Bxc2 12. Qxc2 Qxc6 13. Qxe4+ Qxe4 14.
Rxe4+ Kd7 15. d4 Nf6 16. Re1 d5 17. Bf4 Ne4 18. Nd2 Re8 19. f3 Nxd2 20. Bxd2 Bd6 21. Kf2 Ref8 22. h3 h5 23. Re2 h4 24. Kf1 Rf5 25.
a4 Rhf8 26. axb5 axb5 27. Ke1 b4 28. Kd1 b3 29. Ra7 Rb8 30. Be1 g5 31. Bd2 Bg3 32.
Ra6 Bd6 33. Ra7 Be7 34. Ra6 Bf6 35. Ree6 Be7 36. Re2 Rb5 37. Ra8 Bd6 38. Ra6 Rb7 39. Re1 Bg3 40. Ree6 Bf4 41. Rg6 Bxd2 42. Kxd2 Rf7 43.
Rxg5 c6 44. Rg6 Rc7 45. Rb6 Re7 46. Rxb3 c5 47. dxc5 Rxc5 48. Rbb6 Kc8 49. Rbc6+ Rxc6 50. Rxc6+ Kd7 51. Rh6 Rg7 52. Rxh4 Rxg2+ 53. Kd3 Rxb2 54. Rh7+ Ke6 55. Rh6+ Kf5 56. Rh5+ Ke6 57. h4 Rf2 58. Ke3 Rc2 59. Kd3 Rf2 60. Rh6+ Kf5 61. Ke3 Rc2 62. Kd4 Rd2+ 63. Kc5 Rd3 64. Rd6 Ke5 65. Rd8 Rxc3+ 66. Kb4 Rxf3 67. h5 Rh3 68. Re8+ Kd6 69. Rd8+ Ke6 70.
Re8+ Kd7 71. Re5 Kd6 72. Rg5 Ke6 73. Kc5 Rc3+ 74. Kd4 Rc4+ 75. Kd3 Rh4 76. Ke3 Rh3+ 77. Kd4 Rh4+ 78. Ke3 Ra4 79. Kd3 Ra5 80. Kd4 Rb5 81. Rg6+ Kf5 82. Rd6 Rb4+ 83. Kxd5 Rb1 84. Kc5 Rc1+ 85.
Kb4 Rh1 86. h6 Ke5 87. Rc6 Kd5 88. Rg6 Ke5 89. Kc3 Kf5 90. Rd6 Rh3+ 91. Kd4 Rh1 92. Ke3 Re1+ 93. Kf2 Rh1 94. Kg2 Rh5 95. Kg3 Rg5+ 96.
Kh4 Rg8 97. Rd5+ Kg6 98. Rg5+ Kh7 99. Rxg8 Kxg8 100. Kg5 Kh7 101. Kh5 Kg8 102. Kg6 Kh8 103. h7 1/2-1/2

[Event "Late-Titled-Tuesday-Blitz-January-30-2024"]
[Site "Chess.com"]
[Date "2024.01.30"]
[Round "6"]
[White "Chessdreamer2020"]
[Black "GMAkobianSTL"]
[Result "0-1"]
[WhiteElo "2567"]
[BlackElo "2727"]
[TimeControl "180+1"]
[EndTime "15:02:28 PST"]
[Termination "GMAkobianSTL won by resignation"]

1. e4 d6 2. d4 Nf6 3. Nc3 c6 4. a4 Qc7 5. h3 e5 6. Nge2 Be7 7. g4 O-O 8. Bg2 b6 9. O-O a6 10. f4 Nbd7 11. Ng3 g6 12. Be3 exd4 13. Bxd4 c5 14. Be3 Bb7 15. g5 Ne8 16. Nd5 Bxd5 17.
Qxd5 Rb8 18. f5 Ne5 19. f6 Bd8 20. Bf4 Qc8 21. Rad1 b5 22. axb5 Rxb5 23. b3 c4 24.
Qd4 Bb6 0-1

[Event "Late-Titled-Tuesday-Blitz-January-30-2024"]
[Site "Chess.com"]
[Date "2024.01.30"]
[Round "6"]
[White "el008"]
[Black "PawnEatingZombie"]
[Result "1-0"]
[WhiteElo "2501"]
[BlackElo "2166"]
[TimeControl "180+1"]
[EndTime "15:02:47 PST"]
[Termination "el008 won by resignation"]

1. Nf3 Nf6 2. b3 g6 3. Bb2 Bg7 4. g3 O-O 5. c4 d6 6. d4 c5 7. Bg2 cxd4 8. Qxd4 Nc6 9. Qd1 Bd7 10. O-O Qc8 11. Nc3 Bh3 12. Qd2 Bxg2 13. Kxg2 b6 14. e4 Qb7 15. Rfe1 Rac8 16. Rac1 Ng4 17. h3 Nge5 18.
Nxe5 Nxe5 19. f4 Nd7 20. Nd5 Bxb2 21. Nxe7+ Kg7 22. Qxb2+ f6 23. Nxc8 Rxc8 24. Qd4 Qc6 25. Rcd1 1-0

[Event "Late-Titled-Tuesday-Blitz-January-30-2024"]
[Site "Chess.com"]
[Date "2024.01.30"]
[Round "6"]
[White "BardArtem"]
[Black "santosalberto1987"]
[Result "1-0"]
[WhiteElo "2763"]
[BlackElo "2530"]
[TimeControl "180+1"]
[EndTime "15:03:21 PST"]
[Termination "BardArtem won by resignation"]

1. e4 e6 2. d4 d5 3. Nc3 Nf6 4.
exd5 exd5 5. Bg5 Be7 6. Qd2 O-O 7. O-O-O Re8 8. Nf3 c6 9. Bd3 b5 10. Rde1 Nbd7 11.
h4 b4 12. Nd1 a5 13. Ne3 Ba6 14. Bxa6 Rxa6 15. Nf5 Bf8 16. Qd3 Ra8 17. Ne5 Qc7 18. Qg3 Ne4 19. Rxe4 dxe4 20. Nh6+ 1-0

[Event "Late-Titled-Tuesday-Blitz-January-30-2024"]
[Site "Chess.com"]
[Date "2024.01.30"]
[Round "6"]
[White "KamlaPasand"]
[Black "PNEPaul"]
[Result "1-0"]
[WhiteElo "2480"]
[BlackElo "1864"]
[TimeControl "180+1"]
[EndTime "15:03:39 PST"]
[Termination "KamlaPasand won by resignation"]

1. e4 e5 2. Nf3 Nc6 3. Bc4 Be7 4.
Nc3 Nf6 5. d4 d6 6. dxe5 Nxe5 7.
Bb3 Nxf3+ 8. Qxf3 O-O 9. O-O Be6 10. h3 Bxb3 11. axb3 c6 12. Bf4 Qb6 13. Rad1 Rad8 14. Rd2 d5 15. exd5 Nxd5 16. Nxd5 Rxd5 17. Rxd5 cxd5 18.
Qxd5 Bf6 19. c3 Rd8 20. Qc4 h6 21. Bc7 1-0

[Event "Late-Titled-Tuesday-Blitz-January-30-2024"]
[Site "Chess.com"]
[Date "2024.01.30"]
[Round "6"]
[White "GAO"]
[Black "finec2"]
[Result "1-0"]
[WhiteElo "2393"]
[BlackElo "2224"]
[TimeControl "180+1"]
[EndTime "15:03:52 PST"]
[Termination "GAO won by resignation"]

1. Nf3 Nf6 2. b3 g6 3. Bb2 Bg7 4. g3 O-O 5. Bg2 c5 6. O-O Nc6 7. d3 d5 8. Nbd2 b6 9. e4 Bb7 10. exd5 Nxd5 11. Bxg7 Kxg7 12. Nc4 f6 13. d4 cxd4 14.
Nxd4 Nxd4 15. Qxd4 e5 16. Qd2 b5 17. Na5 1-0

[Event "Late-Titled-Tuesday-Blitz-January-30-2024"]
[Site "Chess.com"]
[Date "2024.01.30"]
[Round "6"]
[White "vladislavkovalev"]
[Black "topalovkramnik"]
[Result "1-0"]
[WhiteElo "2879"]
[BlackElo "2473"]
[TimeControl "180+1"]
[EndTime "15:03:56 PST"]
[Termination "vladislavkovalev won by resignation"]

1. e4 c5 2. Nf3 d6 3. Bb5+ Nd7 4. O-O g6 5. Re1 Bg7 6. c3 a6 7. Bf1 e5 8. d4 Ne7 9. dxe5 Nxe5 10. Nxe5 dxe5 11.
Qxd8+ Kxd8 12. a4 Be6 13. Be3 Rc8 14. Rd1+ Ke8 15. Nd2 h5 16. Nc4 Bxc4 17. Bxc4 Rc6 18. f3 Bh6 19. Bf2 h4 20. Rd3 Rc7 21. Rad1 Kf8 22. Rd7 1-0

[Event "Late-Titled-Tuesday-Blitz-January-30-2024"]
[Site "Chess.com"]
[Date "2024.01.30"]
[Round "6"]
[White "LastHeroJr"]
[Black "rcmz"]
[Result "1-0"]
[WhiteElo "2491"]
[BlackElo "2146"]
[TimeControl "180+1"]
[EndTime "15:04:01 PST"]
[Termination "LastHeroJr won by resignation"]

1. e4 Nf6 2. e5 Nd5 3. d4 d6 4. Nf3 Nc6 5. c4 Nb6 6. Be3 dxe5 7. d5 Nb4 8. a3 Na6 9. Nxe5 Bf5 10. Qf3 Bg6 11. Bd3 f6 12. Nxg6 hxg6 13. Bxg6+ Kd7 14. Qf5+ 1-0

[Event "Late-Titled-Tuesday-Blitz-January-30-2024"]
[Site "Chess.com"]
[Date "2024.01.30"]
[Round "6"]
[White "RCone"]
[Black "ninguno46"]
[Result "1-0"]
[WhiteElo "2335"]
[BlackElo "2505"]
[TimeControl "180+1"]
[EndTime "15:04:04 PST"]
[Termination "RCone won by resignation"]

1. e4 c5 2. Nc3 Nc6 3. Bb5 Nd4 4. Nf3 g6 5. O-O Bg7 6. Nxd4 cxd4 7. Ne2 e6 8. d3 Ne7 9. f4 O-O 10. Ba4 d5 11. Ng3 dxe4 12. Nxe4 Nd5 13. Qf3 Bd7 14. Bb3 Bc6 15. Qh3 h6 16. Bd2 a5 17. a4 Ne3 18.
Rfe1 f5 19. Bxe6+ Kh8 20. Bxe3 fxe4 21. Bf2 e3 22. Bh4 Bf6 23. Bxf6+ 1-0

[Event "Late-Titled-Tuesday-Blitz-January-30-2024"]
[Site "Chess.com"]
[Date "2024.01.30"]
[Round "6"]
[White "pr1105"]
[Black "ArtemDyachuk"]
[Result "0-1"]
[WhiteElo "2435"]
[BlackElo "2640"]
[TimeControl "180+1"]
[EndTime "15:04:14 PST"]
[Termination "ArtemDyachuk won by checkmate"]

1. e4 c5 2. Nf3 d6 3. d4 cxd4 4. Nxd4 Nf6 5. Nc3 a6 6. f3 e5 7. Nb3 Be6 8. Be3 Be7 9. Qd2 d5 10. exd5 Nxd5 11. Nxd5 Qxd5 12. Qxd5 Bxd5 13. O-O-O Be6 14.
Na5 b5 15. Bd3 Nd7 16. Be4 Rc8 17. Bb7 Rc7 18. Bxa6 Bf5 19. c3 O-O 20. Bxb5 Nc5 21. a4 Ra8 22. Nc6 Nb3# 0-1

[Event "Late-Titled-Tuesday-Blitz-January-30-2024"]
[Site "Chess.com"]
[Date "2024.01.30"]
[Round "6"]
[White "Hirna2005"]
[Black "noblerone"]
[Result "1-0"]
[WhiteElo "2288"]
[BlackElo "2448"]
[TimeControl "180+1"]
[EndTime "15:04:17 PST"]
[Termination "Hirna2005 won by resignation"]

1. e4 c5 2. c3 d5 3. exd5 Qxd5 4. Nf3 Nf6 5. Na3 Nc6 6. Bc4 Qd8 7. Nc2 e6 8. d4 a6 9. dxc5 Qxd1+ 10. Kxd1 Bxc5 11.
Be3 Bxe3 12. Nxe3 Ne4 13. Ke2 b5 14. Bd3 Nc5 15. Bc2 Bb7 16. Rhd1 Ke7 17. b4 Nd7 18. a4 Nde5 19. Be4 f5 20. Nxe5 fxe4 21. Rd7+ Ke8 22. Rxb7 Nxe5 23. axb5 Ng6 24. g3 Ne5 25. Rxa6 Rd8 26. Rxe6+ 1-0

[Event "Late-Titled-Tuesday-Blitz-January-30-2024"]
[Site "Chess.com"]
[Date "2024.01.30"]
[Round "6"]
[White "Nouali_Mohamed"]
[Black "cristiano78"]
[Result "1-0"]
[WhiteElo "2471"]
[BlackElo "2290"]
[TimeControl "180+1"]
[EndTime "15:04:17 PST"]
[Termination "Nouali_Mohamed won by checkmate"]

1. e4 c5 2. Nf3 d6 3. d4 cxd4 4.
Nxd4 Nf6 5. Nc3 g6 6. Be3 Bg7 7. f3 O-O 8. Qd2 Nc6 9. Bc4 Bd7 10. O-O-O Rc8 11. Bb3 Ne5 12. Kb1 Nc4 13. Bxc4 Rxc4 14. g4 Be6 15. h4 Qa5 16. Nb3 Qc7 17. h5 a6 18. Bh6 Rc8 19. Bxg7 Kxg7 20. hxg6 fxg6 21.
Qh6+ Kg8 22. g5 Nh5 23. Rxh5 gxh5 24. Qxe6+ Kh8 25. Nd5 Qd8 26. Nxe7 Rxc2 27. Qf6# 1-0

[Event "Late-Titled-Tuesday-Blitz-January-30-2024"]
[Site "Chess.com"]
[Date "2024.01.30"]
[Round "6"]
[White "BeardedNM"]
[Black "katharinareinecke"]
[Result "1-0"]
[WhiteElo "2183"]
[BlackElo "1971"]
[TimeControl "180+1"]
[EndTime "15:04:17 PST"]
[Termination "BeardedNM won by checkmate"]

1. e4 c6 2. d4 d5 3. e5 Bf5 4. Nf3 e6 5. Be2 c5 6. Be3 Qb6 7. Nc3 Nc6 8. O-O c4 9. Rb1 Nge7 10. b3 cxb3 11. Rxb3 Qc7 12. Nb5 Qa5 13. Nd6+ Kd7 14. Rxb7+ Kd8 15. Nxf7+ Ke8 16. Nd6+ Kd8 17. Ng5 Bg6 18. Nxe6# 1-0

[Event "Late-Titled-Tuesday-Blitz-January-30-2024"]
[Site "Chess.com"]
[Date "2024.01.30"]
[Round "6"]
[White "ARTHURMOTIVATOR"]
[Black "RaulPerezGuerra"]
[Result "1-0"]
[WhiteElo "2279"]
[BlackElo "2432"]
[TimeControl "180+1"]
[EndTime "15:04:27 PST"]
[Termination "ARTHURMOTIVATOR won by checkmate"]

1. e4 c5 2. Nf3 e6 3. d4 cxd4 4. Nxd4 Nf6 5. Nc3 Nc6 6. Be2 Bb4 7. O-O O-O 8. Qd3 Nxd4 9. Qxd4 Qb6 10. Qd3 d6 11. Bg5 Qc5 12. Bxf6 gxf6 13. Kh1 Bd7 14. f4 Rac8 15. Qg3+ Kh8 16. Bd3 Bxc3 17. bxc3 Qxc3 18. Qh4 Rg8 19. Rae1 Ba4 20. e5 Bxc2 21. Qxh7# 1-0

[Event "Late-Titled-Tuesday-Blitz-January-30-2024"]
[Site "Chess.com"]
[Date "2024.01.30"]
[Round "6"]
[White "Iball95"]
[Black "yobdc"]
[Result "1-0"]
[WhiteElo "2778"]
[BlackElo "2575"]
[TimeControl "180+1"]
[EndTime "15:04:33 PST"]
[Termination "Iball95 won by checkmate"]

1. e4 c5 2. Nf3 Nf6 3. Nc3 d5 4.
exd5 Nxd5 5. Bb5+ Bd7 6. Ne5 Nxc3 7. Qf3 Qc7 8. Bxd7+ Nxd7 9. Qxf7+ Kd8 10. Nxd7 Kxd7 11. dxc3 Qe5+ 12. Be3 Kc6 13. O-O-O e6 14. Bf4 Qe4 15.
Qd7+ Kb6 16. Bc7+ Ka6 17. Rhe1 Qxg2 18. Qa4# 1-0

[Event "Late-Titled-Tuesday-Blitz-January-30-2024"]
[Site "Chess.com"]
[Date "2024.01.30"]
[Round "6"]
[White "nikitadovbnya2008"]
[Black "j_coca"]
[Result "1-0"]
[WhiteElo "2182"]
[BlackElo "2478"]
[TimeControl "180+1"]
[EndTime "15:04:33 PST"]
[Termination "nikitadovbnya2008 won by resignation"]

1. d4 g6 2. c4 Bg7 3. Nc3 f5 4. Bg5 Nh6 5. Nf3 O-O 6. h4 Nf7 7. e4 h6 8. exf5 hxg5 9. fxg6 Nd6 10. hxg5 Qe8 11. Bd3 e5 12. Nxe5 Bxe5 13. Qh5 Bxd4+ 14. Kd1 Qe7 15. Nd5 Qg7 16. c5 Nf5 17. Bc4 Re8 18.
Nf6+ Kf8 19. Qh8+ Qxh8 20. Rxh8+ Kg7 21. Rxe8 Bxf6 22. gxf6+ Kxg6 23. f7 d5 24. f8=Q dxc4 25. Rxc8 Ne7 26. Qxe7 Nc6 27. Qe6+ Kg5 28. Rxa8 1-0

[Event "Late-Titled-Tuesday-Blitz-January-30-2024"]
[Site "Chess.com"]
[Date "2024.01.30"]
[Round "6"]
[White "ValeriyGrinev"]
[Black "Korchmar_Vasiliy"]
[Result "0-1"]
[WhiteElo "2556"]
[BlackElo "2720"]
[TimeControl "180+1"]
[EndTime "15:04:34 PST"]
[Termination "Korchmar_Vasiliy won by resignation"]

1. e4 c5 2. Nf3 a6 3. b3 d6 4. Bb2 e5 5. g3 Nc6 6. Bg2 g6 7.
d3 Bg7 8. a4 Nge7 9. Nbd2 Be6 10. h4 h6 11. Nc4 O-O 12. Nfd2 f5 13. f4 exf4 14. gxf4 Bxb2 15. Nxb2 fxe4 16. Bxe4 d5 17. Bg2 Rxf4 18. c3 Qd6 19. Qc2 Qe5+ 20. Kd1 Rf2 21.
Bf1 Bg4+ 22. Kc1 Qe1+ 23. Nd1 Ne5 24. Kb2 Rxd2 25. Qxd2 Qxd2+ 26. Ka3 Bxd1 27. Rxd1 Qxd1 0-1

[Event "Late-Titled-Tuesday-Blitz-January-30-2024"]
[Site "Chess.com"]
[Date "2024.01.30"]
[Round "6"]
[White "Arteler"]
[Black "Cubitas"]
[Result "0-1"]
[WhiteElo "2570"]
[BlackElo "2729"]
[TimeControl "180+1"]
[EndTime "15:04:36 PST"]
[Termination "Cubitas won by resignation"]

1. d4 Nf6 2. Nc3 d5 3. Bf4 e6 4. e3 a6 5. g4 Bb4 6. Ne2 c5 7.
g5 Ne4 8. a3 Bxc3+ 9. Nxc3 Nxc3 10. bxc3 Nc6 11. h4 Qa5 12. Qd2 Bd7 13. h5 Rc8 14. h6 g6 15. a4 O-O 16. Bd6 cxd4 17.
cxd4 Rfd8 18. f4 Be8 19. Bc5 Qc7 20. a5 Qb8 21. Bb6 Rd6 22. Kf2 Na7 23. Bd3 Bb5 24.
Rhc1 Rdc6 25. Bc5 Bxd3 26. cxd3 Nb5 27. Rab1 Qc7 28. Kg3 Qd8 29. e4 Nd6 30. Bxd6 Qxd6 31. Rb6 dxe4 32. dxe4 Qa3+ 0-1

[Event "Late-Titled-Tuesday-Blitz-January-30-2024"]
[Site "Chess.com"]
[Date "2024.01.30"]
[Round "6"]
[White "Practical-Play"]
[Black "Alexander_Donchenko"]
[Result "0-1"]
[WhiteElo "2621"]
[BlackElo "2932"]
[TimeControl "180+1"]
[EndTime "15:04:52 PST"]
[Termination "Alexander_Donchenko won by resignation"]

1. e4 c6 2. c4 d5 3. cxd5 cxd5 4.
exd5 Nf6 5. Nc3 Nxd5 6. Nf3 Nc6 7. Bb5 g6 8. Qa4 Qd6 9. Ne4 Qe6 10. Ng5 Qd7 11.
Nc5 Qc7 12. Na6 Qe5+ 13. Kf1 Bd7 14. d4 Qxd4 15. Qxd4 Nxd4 16. Bc4 e6 17. Be3 Nc2 18.
Bxd5 Bb5+ 19. Kg1 Bxa6 20. Bb3 Nxa1 21. Ba4+ 0-1

[Event "Late-Titled-Tuesday-Blitz-January-30-2024"]
[Site "Chess.com"]
[Date "2024.01.30"]
[Round "6"]
[White "bitter-cikolata"]
[Black "Kildepiotr"]
[Result "0-1"]
[WhiteElo "2530"]
[BlackElo "2700"]
[TimeControl "180+1"]
[EndTime "15:04:54 PST"]
[Termination "Kildepiotr won by resignation"]

1. e4 g6 2. d4 Bg7 3. Nc3 c6 4. g3 d5 5. e5 c5 6. Bg2 cxd4 7.
Qxd4 e6 8. Nf3 Nc6 9. Qa4 Bd7 10. Bg5 Nge7 11. Qh4 Nxe5 12. Nxe5 Bxe5 13. O-O h6 14. Bf6 Bxf6 15. Qxf6 O-O 16. h4 Nf5 17. Qe5 Rc8 18.
Rad1 Qc7 19. Qf6 Bc6 20. h5 g5 21. g4 Qe7 22. Qe5 Nh4 23. f4 f6 24. Qe2 Nxg2 25.
Qxg2 d4 26. Ne4 f5 27. gxf5 exf5 28. fxg5 Bxe4 29. Qg3 Qxg5 0-1

[Event "Late-Titled-Tuesday-Blitz-January-30-2024"]
[Site "Chess.com"]
[Date "2024.01.30"]
[Round "6"]
[White "akanga001"]
[Black "JCVanDamme10"]
[Result "0-1"]
[WhiteElo "1986"]
[BlackElo "2311"]
[TimeControl "180+1"]
[EndTime "15:05:06 PST"]
[Termination "JCVanDamme10 won by checkmate"]

1. d4 d5 2. c4 c6 3. e3 Nf6 4. Nf3 Bf5 5. Nc3 e6 6. b3 Nbd7 7. Be2 Bb4 8. Bd2 Qa5 9. Rc1 Qd8 10. O-O Ba3 11. Nh4 Bxc1 12. Bxc1 O-O 13. Nxf5 exf5 14. Qc2 g6 15. Rd1 Re8 16. g3 Ne4 17. Bf3 Nxc3 18. Qxc3 Nf6 19. Ba3 Ne4 20. Qc1 Qa5 21. b4 Qd8 22. Kg2 dxc4 23. Qxc4 Qd5 24. Qc2 g5 25. Kg1 g4 26. Be2 Ng5 27. Bc4 Nh3+ 28.
Kf1 Qh1+ 29. Ke2 Qf3+ 30. Kf1 Rxe3 31. Bc1 Qh1# 0-1

[Event "Late-Titled-Tuesday-Blitz-January-30-2024"]
[Site "Chess.com"]
[Date "2024.01.30"]
[Round "6"]
[White "PattyCastillo"]
[Black "yujiarun18"]
[Result "0-1"]
[WhiteElo "1978"]
[BlackElo "2091"]
[TimeControl "180+1"]
[EndTime "15:05:07 PST"]
[Termination "yujiarun18 won on time"]

1. d4 d5 2. Nf3 Nf6 3. e3 c6 4. Bd3 e6 5. O-O Bd6 6. b3 O-O 7. Bb2 Nbd7 8. Nbd2 Re8 9. Ne5 Qc7 10. f4 c5 11. c4 b6 12. Rc1 Bb7 13. Qe2 Rac8 14.
cxd5 exd5 15. Ndf3 Qb8 16. Ng5 Re7 17. Qf2 h6 18. Ngf3 Ne4 19. Bxe4 dxe4 20. Nxd7 Rxd7 21. Ne5 Re7 22. Qg3 Bxe5 23. fxe5 Re6 0-1

[Event "Late-Titled-Tuesday-Blitz-January-30-2024"]
[Site "Chess.com"]
[Date "2024.01.30"]
[Round "6"]
[White "GasconJR"]
[Black "MetiForce"]
[Result "0-1"]
[WhiteElo "2592"]
[BlackElo "2864"]
[TimeControl "180+1"]
[EndTime "15:05:08 PST"]
[Termination "MetiForce won by resignation"]

1. e4 c5 2. Nf3 d6 3. d4 cxd4 4.
Nxd4 Nf6 5. Nc3 a6 6. Bd3 e5 7.
Nde2 Nc6 8. O-O Be7 9. Ng3 O-O 10. Nd5 Nxd5 11. exd5 Nb8 12. f4 Nd7 13. Nf5 Nc5 14. fxe5 dxe5 15. d6 Bf6 16. Be3 Nxd3 17. Qxd3 Be6 18.
Rad1 Rc8 19. b3 Qd7 20. Nh6+ Kh8 21. Rxf6 gxf6 22. Qf1 f5 23. c4 f6 24. Qf2 f4 25.
Bc1 b5 26. c5 Qg7 27. Qh4 Rxc5 28. Ba3 Rc2 0-1

[Event "Late-Titled-Tuesday-Blitz-January-30-2024"]
[Site "Chess.com"]
[Date "2024.01.30"]
[Round "6"]
[White "SmirnovTimofey2000"]
[Black "RebecaJimnz"]
[Result "0-1"]
[WhiteElo "1939"]
[BlackElo "2304"]
[TimeControl "180+1"]
[EndTime "15:05:21 PST"]
[Termination "RebecaJimnz won by resignation"]

1. e4 c5 2. c3 Nc6 3. d4 cxd4 4. cxd4 d5 5. exd5 Qxd5 6. Nf3 Bg4 7. Nc3 Bxf3 8. Nxd5 Bxd1 9. Nc7+ Kd7 10. Nxa8 Bh5 11. Bb5 e6 12. Bf4 Bd6 13. Bxd6 Kxd6 14. f3 Nge7 15.
O-O Rxa8 16. Rfd1 Bg6 17. Rac1 a6 18. Ba4 b5 19. Bb3 Na5 20. Bc2 Bxc2 21. Rxc2 Nd5 22. Rdc1 Rd8 23. b3 Ke7 24. Kf2 Rd7 25. Rc5 Nb4 26.
d5 Nd3+ 0-1

[Event "Late-Titled-Tuesday-Blitz-January-30-2024"]
[Site "Chess.com"]
[Date "2024.01.30"]
[Round "6"]
[White "Sanyura"]
[Black "Onthequiet"]
[Result "1-0"]
[WhiteElo "2660"]
[BlackElo "2445"]
[TimeControl "180+1"]
[EndTime "15:05:25 PST"]
[Termination "Sanyura won by resignation"]

1. e4 c6 2. Nc3 d5 3. Nf3 dxe4 4. Nxe4 Nf6 5. Qe2 Nxe4 6. Qxe4 Nd7 7. Bc4 Nf6 8. Ne5 e6 9. Qe2 Be7 10. c3 Qc7 11. d4 O-O 12. O-O c5 13. Bf4 Bd6 14. dxc5 Qxc5 15. Rfd1 Nd5 16. Bxd5 exd5 17. c4 Be6 18.
cxd5 Bxd5 19. Nd7 Qc6 20. Bxd6 Qxd6 21. Nxf8 Rxf8 22. Qd2 Rd8 23. Rac1 h6 24. Qa5 b6 25. Qxa7 Qb4 26. Qc7 Rd6 27. a3 Qg4 28. Qc8+ Qxc8 29. Rxc8+ 1-0

[Event "Late-Titled-Tuesday-Blitz-January-30-2024"]
[Site "Chess.com"]
[Date "2024.01.30"]
[Round "6"]
[White "Matalon"]
[Black "GM4life"]
[Result "1-0"]
[WhiteElo "2460"]
[BlackElo "2546"]
[TimeControl "180+1"]
[EndTime "15:05:26 PST"]
[Termination "Matalon won by resignation"]

1. e4 c6 2. d4 d5 3. Nd2 dxe4 4. Nxe4 Nf6 5. Nxf6+ exf6 6. c3 Bd6 7. Bd3 O-O 8.
Ne2 Re8 9. Qc2 h5 10. Be3 Nd7 11. O-O-O Nf8 12. c4 Be6 13. Kb1 Qa5 14. Nf4 Bxf4 15. Bxf4 b5 16. Bd2 Qa6 17. d5 cxd5 18. cxb5 Qb6 19. Be3 Qa5 20. Bc5 Nd7 21. b4 Qa3 22. Bh7+ Kh8 23. Rd3 Qxd3 24. Bxd3 Rec8 25. Rc1 Ne5 26.
Qe2 g6 27. Kb2 Re8 28. Qd2 Kg7 29. f4 Nd7 30. Bd4 Rac8 31. Rxc8 Rxc8 32. f5 gxf5 33. Qg5+ Kf8 34. Bxf6 Nxf6 35. Qxf6 f4 36. Qxf4 Ke7 37.
Qg5+ Kd6 38. Bf5 Rc4 39. Bxe6 fxe6 40. Kb3 Rg4 41. Qd8+ Ke5 42. g3 h4 43. Qc7+ Ke4 44. Qxa7 hxg3 45. hxg3 Rxg3+ 46. Ka4 d4 47. b6 d3 48. Qd7 Rg8 49. Qxe6+ 1-0

[Event "Late-Titled-Tuesday-Blitz-January-30-2024"]
[Site "Chess.com"]
[Date "2024.01.30"]
[Round "6"]
[White "Arlo2024"]
[Black "koncheto"]
[Result "0-1"]
[WhiteElo "2277"]
[BlackElo "2511"]
[TimeControl "180+1"]
[EndTime "15:05:36 PST"]
[Termination "koncheto won by checkmate"]

1. e4 c5 2. Nc3 Nc6 3. g3 g6 4. Bg2 Bg7 5. d3 Rb8 6. Be3 Nd4 7. Qd2 d6 8. Nd1 b5 9. c3 Nc6 10. a3 a5 11. Ne2 b4 12. axb4 axb4 13. O-O Nf6 14.
Bh6 O-O 15. Bxg7 Kxg7 16. Ne3 Bd7 17. f4 e6 18. g4 bxc3 19. bxc3 Rb3 20. Nc4 d5 21. e5 Nxg4 22. Nd6 Qb6 23. Ra2 Rb8 24. f5 Ncxe5 25. f6+ Kg8 26. h3 Qxd6 27. hxg4 Nxg4 28. Qg5 Qh2# 0-1